 Dungeon Crawl Stone Soup version 0.29-a0-823-gc37b1572da (webtiles) character file.

Game seed: 14453497500491664264

298 gobodom the Trooper (level 6, -21/48 HPs)
             Began as a Demonspawn Fighter on July 9, 2022.
             Was a Believer of Wu Jian.
             Killed from afar by Terence (24 damage)
             ... with a bolt of dispelling energy
             ... on level 3 of the Dungeon.
             The game lasted 00:08:02 (2052 turns).

gobodom the Trooper (Demonspawn Fighter)            Turns: 2052, Time: 00:08:03

Health: -21/48     AC: 10    Str: 18    XL:     6   Next: 13%
Magic:  6/6        EV: 11    Int: 10    God:    Wu Jian [**....]
Gold:   186        SH:  5    Dex: 18    Spells: 5/5 levels left

rFire   . . .      SeeInvis .   a - +0 war axe
rCold   . . .      Faith    .   c - +0 buckler
rNeg    . . .      Spirit   .   m - +3 ring mail
rPois   .          Reflect  .   (helmet restricted)
rElec   .          Harm     .   k - +0 cloak
rCorr   .          Rampage  .   (no gloves)
Will    .....                   (no boots)
Stlth   ++........              (no amulet)
HPRegen 0.16/turn               l - +6 ring of dexterity
MPRegen 0.10/turn               (no ring)

@: no status effects
A: antennae 1, ignite blood 1, sturdy frame 2
a: Renounce Religion, Wall Jump


You were on level 3 of the Dungeon.
You worshipped Wu Jian.
Wu Jian was pleased with you.
You visited 1 branch of the dungeon, and saw 3 of its levels.

You collected 186 gold pieces.

Inventory:

Hand Weapons
 a - a +0 war axe (weapon)
 w - the +7 staff of the Meek {protect, meekguard}
   (You found it on level 3 of the Dungeon)

   It grants its wielder temporary protection when it strikes (+7 to AC).
   It provides extra protection to wielders with little health.
Missiles
 o - a throwing net
 v - 6 poisoned darts (quivered)
Armour
 c - a +0 buckler (worn)
 h - a +0 plate armour
 k - a +0 cloak (worn)
 m - a +3 ring mail (worn)
Jewellery
 l - a +6 ring of dexterity (left hand)
Scrolls
 e - 2 scrolls of immolation {unknown}
 f - 4 scrolls of identify {unknown}
 g - a scroll of blinking {unknown}
 j - a scroll of silence
 q - a scroll of noise {unknown}
 t - a scroll of acquirement {unknown}
 u - a scroll of brand weapon {unknown}
 x - a scroll of vulnerability {unknown}
Potions
 b - a potion of attraction {unknown}
 d - a potion of brilliance {unknown}
 i - 2 potions of heal wounds {unknown}
 n - a potion of mutation {unknown}
 p - a potion of invisibility {unknown}
 r - 2 potions of curing {unknown}
 s - 2 potions of flight {unknown}


   Skills:
 + Level 4.0 Fighting
 + Level 3.5 Axes
 * Level 3.9 Armour
 + Level 0.6 Dodging
 + Level 1.6 Stealth
 + Level 3.1 Shields


You had 5 spell levels left.
You didn't know any spells.
Your spell library contained the following spells:

 Spells                   Type           Power      Damage    Failure   Level
 Ignite Poison            Fire/Tmut/Pois 0%         N/A       86%         3
 Mephitic Cloud           Conj/Pois/Air  0%         N/A       86%         3
 Freezing Cloud           Conj/Ice/Air   0%         6-21      100%        5


Dungeon Overview and Level Annotations

Branches:
Dungeon (3/15)

Altars:
Okawaru
Wu Jian

Annotations:
D:3 Terence


Innate Abilities, Weirdness & Mutations

You have a pair of small antennae on your head.
Your demonic aura sometimes causes spilled blood to erupt in flames.
Your movements are less encumbered by armour. (ER -4)


Message History

You closely miss the bat. The bat hits you but does no damage.
The bat barely misses you. The bat closely misses you.
You hit the bat but do no damage. You block the bat's attack.
You slash the bat!
You kill the bat!
The Council accepts your kill.
You see here a bat corpse.
Found a stone staircase leading up.
A kobold comes into view. It is wielding a +0 club.
The kobold shouts!
You lunge at the kobold.
You hit the kobold.
You kill the kobold!
The Council accepts your kill.
s - 2 fizzy golden potions (gained 1)
Found a stone staircase leading down.
You see here a +0 club.
x - a scroll labelled HUORCH OGAA You now have 186 gold pieces (gained 5).
i - 2 glowing ruby potions (gained 1)
There is a stone staircase leading down here.
You sense a monster nearby.
Terence the Incautious comes into view.
He is wielding a +2 hand axe of flaming and carrying a wand of quicksilver (8).
Found 2 orange potions.
Terence shouts!
You spin to attack Terence, but your attack speed is too slow for a blow to land.
Terence zaps a wand.
The bolt of dispelling energy misses you.
You hit Terence but do no damage. Terence barely misses you.
You hit Terence but do no damage.
Terence zaps a wand.
The bolt of dispelling energy hits you!!
Terence zaps a wand.
The bolt of dispelling energy hits you!!
Ouch! That really hurt!
* * * LOW HITPOINT WARNING * * *
You hit Terence.
Terence is lightly wounded.
Terence zaps a wand.
The bolt of dispelling energy hits you!!
Ouch! That really hurt!
You die...

###....##.#### ##.
............######>.
##...###.##.........
#..####.#########..
#<......# ###
##.###### #.# ####.#
#..@@# #!#### #


You could see Terence.

Vanquished Creatures
  Sigmund (D:2)
  A gnoll bouda (D:2)
  5 gnolls (D:2)
  An adder (D:2)
  4 ball pythons (D:1)
  2 endoplasms (D:1)
  3 giant cockroaches
  2 goblins
  4 hobgoblins
  4 jackals (D:1)
  5 kobolds
  2 quokkas
  2 bats
  3 frilled lizards
  4 rats
43 creatures vanquished.

Vanquished Creatures (others)
  6 fungi (D:1)
  3 toadstools (D:1)
9 creatures vanquished.

Grand Total: 52 creatures vanquished

Notes
Turn   | Place    | Note
-------+----------+-------------------------------------------
     0 | D:1      | gobodom the Demonspawn Fighter began the quest for the Orb.
     0 | D:1      | Reached XP level 1. HP: 18/18 MP: 1/1
   165 | D:1      | Found a faded altar of an unknown god.
   200 | D:1      | Prayed at the altar of an unknown god.
   200 | D:1      | Became a worshipper of the Wu Jian Council
   200 | D:1      | Reached * piety under Wu Jian
   289 | D:1      | Gained mutation: Your movements are slightly less
                  | encumbered by armour. (ER -2) [demonic ancestry]
   289 | D:1      | Reached XP level 2. HP: 11/24 MP: 2/2
  1051 | D:2      | Found an iron altar of Okawaru.
  1100 | D:2      | Gained mutation: Your movements are less encumbered by
                  | armour. (ER -4) [demonic ancestry]
  1100 | D:2      | Reached XP level 3. HP: 29/29 MP: 3/3
  1102 | D:2      | Noticed Sigmund
  1120 | D:2      | Killed Sigmund
  1121 | D:2      | Reached skill level 1 in Stealth
  1121 | D:2      | Reached XP level 4. HP: 34/36 MP: 4/4
  1121 | D:2      | Gained mutation: Your demonic aura sometimes causes spilled
                  | blood to erupt in flames. [demonic ancestry]
  1121 | D:2      | Reached XP level 5. HP: 39/41 MP: 5/5
  1166 | D:2      | Reached ** piety under Wu Jian
  1182 | D:2      | Reached skill level 4 in Fighting
  1182 | D:2      | Gained mutation: You have a pair of small antennae on your
                  | head. [demonic ancestry]
  1182 | D:2      | Reached XP level 6. HP: 30/48 MP: 6/6
  1879 | D:3      | Found the +7 staff of the Meek {protect, meekguard}
  2048 | D:3      | Noticed Terence
  2052 | D:3      | Killed from afar by Terence

Illustrated notes

Levels and vault maps discovered:
D:1:      ncdulo_lavacross, layout_loops_ring, basic_ecumenical_altar,
          minmay_gold_behind_fungi
D:2:      layout_loops_ring, basic_altar, grunt_ministairs_15,
          nrook_mini_backslash, uniq_sigmund
D:3:      layout_loops_cross, uniq_terence

Skill      XL: |  1  2  3  4  5 |
---------------+----------------+-----
Axes           | 2 3 |  3.5
Shields        | 3 |  3.1
Armour         | 3 |  3.9
Stealth        | 1 |  1.6
Fighting       | 4 |  4.0
Dodging        | |  0.6

Action                   |  1- 3 |  4- 6 || total
-------------------------+-------+-------++-------
Melee: War axe           |    93 |    48 ||   141
Throw: Throwing net      |       |     1 ||     1
Invok: Whirlwind         |    14 |       ||    14
       Lunge             |     1 |     9 ||    10
  Use: Scroll            |     1 |       ||     1
       Potion            |     1 |       ||     1
 Stab: Sleeping          |     2 |     2 ||     4
Armor: Plate armour      |    48 |       ||    48
       Scale mail        |     1 |       ||     1
       Ring mail         |     8 |    14 ||    22
Dodge: Dodged            |    37 |    24 ||    61
Block: Buckler           |    24 |    15 ||    39

Table legend: (Time is in decaauts)
 A = Elapsed time spent in this place.
 B = Non-inter-level travel time spent in this place.
 C = Inter-level travel time spent in this place.
 D = Time resting spent in this place.
 E = Time spent auto-exploring this place.
 F = Levels seen in this place.
 G = Mean time per level.
                   A        B        C        D        E       F      G
               +--------+--------+--------+--------+--------+-----+--------+
         Total |   2099 |   2061 |     38 |      0 |   1577 |   3 |  699.7 |
       Dungeon |   2099 |   2061 |     38 |      0 |   1577 |   3 |  699.7 |
               +--------+--------+--------+--------+--------+-----+--------+

Top non-repeatable levels by time:
     D:1: 998 daAuts
     D:2: 813 daAuts
     D:3: 288 daAuts
